 Dungeon Crawl Stone Soup version 0.26.0-10-g1f06aea511 (webtiles) character file.

Game seed: 1965464332045584623

130 Ladykiller69 the Skirmisher (level 4, -4/48 HPs)
             Began as a Troll Wanderer on Feb 2, 2021.
             Killed by divine providence
             ... invoked by an orc priest
              (9 damage)
             ... on level 4 of the Dungeon.
             The game lasted 00:08:38 (2471 turns).

Ladykiller69 the Skirmisher (Troll Wanderer)        Turns: 2471, Time: 00:08:39

Health: -4/48      AC:  8    Str: 21    XL:     4   Next: 90%
Magic:  3/3        EV: 10    Int:  8    God:
Gold:   221        SH:  0    Dex:  9    Spells: 3/3 levels left

rFire    . . .     SeeInvis .   e - +0 club
rCold    . . .     Faith    .   (no shield)
rNeg     . . .     Spirit   .   d - +2 robe
rPois    .         Reflect  .   (helmet restricted)
rElec    .         Harm     .   (no cloak)
rCorr    .         Rampage  .   (gloves unavailable)
Will     .....                  (boots unavailable)
Stlth    +.........             (no amulet)
HPRegen  0.56/turn              (no ring)
MPRegen  0.08/turn              (no ring)

@: no status effects
A: large, unfitting armour, claws 3, regeneration 1, shaggy fur 1, tough skin 3
a: no special abilities


You were on level 4 of the Dungeon.
You visited 1 branch of the dungeon, and saw 4 of its levels.

You collected 221 gold pieces.

Inventory:

Hand Weapons
 a - a +0 dagger
 e - a +0 club (weapon)
Missiles
 c - 28 poisoned darts
 f - 172 stones (quivered)
Armour
 d - a +2 robe (worn)
Jewellery
 u - a +6 ring of dexterity {unknown}
Wands
 q - a wand of acid (7)
Scrolls
 b - 3 scrolls of teleportation
 h - 6 scrolls of remove curse {unknown}
 i - 3 scrolls of enchant weapon {unknown}
 j - a scroll of fear {unknown}
 k - a scroll of enchant armour {unknown}
 m - 2 scrolls of fog {unknown}
 n - a scroll of magic mapping {unknown}
 p - a scroll of noise {unknown}
 r - 2 scrolls of identify {unknown}
 t - a scroll of blinking {unknown}
 w - a scroll of random uselessness {unknown}
Potions
 g - a potion of heal wounds {unknown}
 l - a potion of invisibility {unknown}
 o - 3 potions of curing {unknown}
 s - a potion of might {unknown}
 v - a potion of mutation {unknown}


   Skills:
 + Level 4.2 Fighting
 * Level 3.2 Maces & Flails
 - Level 1.0 Throwing
 + Level 3.2 Dodging
 - Level 1.0 Evocations


You had 3 spell levels left.
You didn't know any spells.
Your spell library was empty.

Dungeon Overview and Level Annotations

Branches:
Dungeon (4/15)
 Temple: D:4-7

Altars:


Innate Abilities, Weirdness & Mutations

You are too large for most types of armour.
You have claws for hands.
Your natural rate of healing is unusually fast.
You are covered in fur. (AC +1)
You have extremely tough skin. (AC +3)


Message History

Things that are here:
a +0 short sword; a +0 chain mail You closely miss the orc priest.
The orc priest hits you but does no damage.
You hit the orc priest.
The orc priest is lightly wounded.
The orc priest mumbles some strange prayers to Beogh against you.
Beogh smites you!
The orc priest invokes the aid of Beogh against you.
Beogh smites you!
You hit the orc priest but do no damage.
The orc priest is lightly wounded.
The orc priest invokes the aid of Beogh against you.
Beogh smites you!
* * * LOW HITPOINT WARNING * * *
You hit the orc priest.
The orc priest is moderately wounded.
The orc priest mumbles some strange prayers to Beogh against you.
Beogh smites you!
You die...

#### ..# #######.##
#o@......#
###############.#..<...#
..o.............#......#
##########.###########.#
### ##


You could see an orc priest.

Vanquished Creatures
  4 adders
  2 worms
  4 dart slugs
  2 leopard geckos (D:2)
  3 orcs (D:4)
  A ball python (D:3)
  11 bats
  3 giant cockroaches
  6 goblins
  11 hobgoblins
  4 jackals (D:1)
  A frilled lizard (D:3)
  12 kobolds
  9 rats
73 creatures vanquished.

Notes
Turn   | Place    | Note
-------+----------+-------------------------------------------
     0 | D:1      | Ladykiller69 the Troll Wanderer began the quest for the
                  | Orb.
     0 | D:1      | Ladykiller69 set off with the following items: a +0 dagger,
                  | a scroll of teleportation, 12 poisoned darts, a +2 robe
     0 | D:1      | Reached XP level 1. HP: 24/24 MP: 0/0
    46 | D:1      | Reached XP level 2. HP: 32/32 MP: 1/1
   184 | D:1      | Reached skill level 1 in Maces & Flails
   305 | D:1      | Reached XP level 3. HP: 35/39 MP: 2/2
   958 | D:2      | Reached XP level 4. HP: 28/48 MP: 3/3
  2471 | D:4      | Killed from afar by an orc priest

Illustrated notes

Levels and vault maps discovered:
D:1:      psy_arrival_radial02, layout_rooms
D:2:      layout_loops_ring
D:3:      layout_loops_ring
D:4:      layout_basic, serial_shops, shop, amethyst_killhole

Skill      XL: |  1  2  3  4 |
---------------+-------------+-----
Dodging        | 3 |  3.2
Maces & Flails | 1 2 3 |  3.2
Fighting       | |  4.2
Throwing       | |  1.0
Evocations     | |  1.0

Action                   |  1- 3 |  4- 6 || total
-------------------------+-------+-------++-------
Melee: Unarmed           |    20 |       ||    20
       Dagger            |     5 |       ||     5
       Club              |   193 |   160 ||   353
Throw: Dart              |     2 |       ||     2
       Stone             |       |    56 ||    56
Armor: Robe              |   107 |    80 ||   187
Dodge: Dodged            |   155 |    89 ||   244
